 Dungeon Crawl Stone Soup version 0.29-a0-111-gbaf749a769 (webtiles) character file.

Game seed: 631462801862444055

1742 kae the Ruffian (level 8, -2/79 HPs)
             Began as a Black Draconian Transmuter on Feb 17, 2022.
             Was an Initiate of Ru.
             Shot with an arrow by a centaur (4 damage)
             ... on level 7 of the Dungeon.
             The game lasted 00:05:41 (7615 turns).

kae the Ruffian (Black Draconian Transmuter)        Turns: 7615, Time: 00:05:41

Health: -2/79      AC:  7    Str: 12    XL:     8   Next: 77%
Magic:  9/13       EV: 10    Int: 17    God:    Ru [......]
Gold:   219        SH:  0    Dex: 11    Spells: 6/14 levels left

rFire   x . .      SeeInvis +     - Unarmed
rCold   + + +      Faith    .   (shield currently unavailable)
rNeg    + . .      Spirit   .   (armour unavailable)
rPois   +          Reflect  .   (helmet currently unavailable)
rElec   .          Harm     .   (cloak currently unavailable)
rCorr   .          Rampage  .   (gloves currently unavailable)
Will    .....                   (boots currently unavailable)
Stlth   +.........              (no amulet)
HPRegen 0.23/turn               i - ring of see invisible
MPRegen 0.13/turn               g - ring of positive energy

@: ice-form
A: freezing attack, amphibious, boosted hp, (breathe lightning), AC +6, large,
unfitting armour, (electricity resistance), (cold-blooded)
a: End Transformation, Renounce Religion, Sacrifice Love, Sacrifice Resistance,
Sacrifice Skill, Reject Sacrifices


You were on level 7 of the Dungeon.
You worshipped Ru.
Ru was noncommittal.
You were a creature of crystalline ice.
You visited 2 branches of the dungeon, and saw 10 of its levels.

You collected 285 gold pieces.
You spent 66 gold pieces at shops.

Inventory:

Jewellery
 g - a ring of positive energy (right front paw)
 i - a ring of see invisible (left front paw)
 m - a ring of protection from cold
Wands
 a - a wand of digging (4)
 p - a wand of mindburst (5)
Scrolls
 b - a scroll of enchant armour
 d - a scroll of magic mapping
 h - 3 scrolls of blinking
 j - a scroll of fog
 n - 2 scrolls of fear
 r - a scroll of amnesia
Potions
 c - a potion of degeneration
 e - 4 potions of curing {unknown}
 f - 2 potions of resistance {unknown}
 k - 5 potions of magic {unknown}
 l - a potion of flight {unknown}
 q - a potion of ambrosia {unknown}


   Skills:
 + Level 4.1 Fighting
 + Level 3.8 Dodging
 * Level 6.3 Unarmed Combat
 + Level 3.9 Spellcasting
 * Level 5.5 Transmutations
 * Level 4.2 Ice Magic
 - Level 2.0 Poison Magic


You had 6 spell levels left.
You knew the following spells:

 Your Spells              Type           Power      Damage    Failure   Level
a - Beastly Appendage     Tmut           44%        N/A       1%          1
b - Spider Form           Tmut/Pois      16%        N/A       10%         3
c - Ice Form              Ice/Tmut       20%        N/A       22%         4

Your spell library contained the following spells:

 Spells                   Type           Power      Damage    Failure   Level
 Wereblood                Tmut           22%        N/A       2%          2
 Passwall                 Tmut/Erth      10%        N/A       8%          2
 Ensorcelled Hibernation  Hex/Ice        20%        N/A       10%         2
 Static Discharge         Conj/Air       3%         N/A       24%         2
 Summon Guardian Golem    Hex/Summ       3%         N/A       43%         3
 Swiftness                Air            3%         N/A       43%         3
 Dispel Undead            Necr           3%         3d7       85%         4
 Sticky Flame             Conj/Fire      3%         2d3       85%         4
 Orb of Destruction       Conj           1%         9d5       100%        7
 Spellforged Servitor     Conj/Summ      1%         N/A       100%        7
 Chain Lightning          Conj/Air       1%         3d2       100%        9
 Fire Storm               Conj/Fire      1%         8d1       100%        9
 Shatter                  Erth           1%         3d6*      100%        9


Dungeon Overview and Level Annotations

Branches:
Dungeon (9/15)             Temple (1/1) D:4
   Lair: D:8-11         Orc: D:9-12

Altars:
Ashenzari
Cheibriados
Dithmenos
Elyvilon
Fedhas
Gozag
Hepliaklqana
Makhleb
Qazlal
Ru
Sif Muna
Trog
Vehumet
Wu Jian
Xom
Yredelemnul
Zin
The Shining One

Shops:
D:2 ?   D:3 [

Portals:
Abyss: D:5

Annotations:
D:2 1 runed translucent door, Crazy Yiuf
D:4 2 transporters
D:5 2 transporters, JackAllcraft's ghost, novice DjIE
D:9 Erolcha


Innate Abilities, Weirdness & Mutations

You are a creature of crystalline ice.
You have a powerful freezing melee attack.
You are amphibious.
Your maximum health is increased.
Your armour is entirely melded.
You are incapable of wielding weapons or throwing items.
((You can breathe wild blasts of lightning.))
((Your glossy black scales are hard. (AC +6)))
You cannot fit into any form of body armour.
((You are resistant to electric shocks. (rElec)))
((You are cold-blooded and may be slowed by cold attacks.))


Message History

The centaur shouts!
You hear a shout!
The centaur wields a +0 shortbow.
The centaur shoots an arrow.
The arrow misses you.
The centaur shoots an arrow.
The arrow hits you!
A centaur comes into view.
You hear a shout!
Unknown command.
Casting: Ice Form (dangerous; 22% risk of failure)
Confirm with . or Enter, or press ? or * to list all spells.
You turn into a creature of crystalline ice.
The centaur shouts!
You hear a shout!
A centaur comes into view.
The centaur wields a +0 shortbow.
The centaur shoots an arrow.
The arrow completely misses you.
The centaur wields a +0 shortbow.
The centaur shoots an arrow.
The arrow hits you!
A centaur comes into view.
The centaur shoots an arrow.
The arrow hits you.
A centaur comes into view.
The centaur shoots an arrow.
The arrow hits you but does no damage.
The centaur shoots an arrow.
The arrow closely misses you.
The centaur shoots an arrow.
The arrow hits you.
There is a stone staircase leading up here.
The centaur shouts!
The centaur wields a +0 shortbow.
The centaur shoots an arrow.
The arrow hits you.
The centaur shoots an arrow.
The arrow hits you but does no damage.
The centaur wields a +0 shortbow.
The centaur shoots an arrow.
The arrow hits you.
The centaur shoots an arrow.
The arrow hits you.
The centaur shoots an arrow.
The arrow hits you!
The centaur shoots an arrow.
The arrow hits you!
* * * LOW HITPOINT WARNING * * *
A centaur comes into view.
Found a scroll of noise.
The centaur shouts!
The centaur shoots an arrow.
The arrow hits you but does no damage.
The centaur shoots an arrow.
The arrow hits you.
* * * LOW HITPOINT WARNING * * *
The centaur shoots an arrow.
The arrow hits you.
* * * LOW HITPOINT WARNING * * *
The centaur shoots an arrow.
The arrow hits you.
You die...

..###..≈≈≈≈≈≈≈≈≈,,*,*,,,,≈≈≈≈,**,
##[#..≈≈≈≈≈≈≈≈≈≈..#+#...≈≈≈≈≈,,*,
###..#≈≈≈≈≈≈≈≈≈≈.c......≈≈≈≈≈,,,,
.....#≈≈≈≈≈≈≈≈≈≈≈ccc...≈≈≈≈≈≈,,*,
......≈≈≈≈≈≈≈≈≈≈≈≈≈cc≈≈≈≈≈≈≈≈,,*,
##...##≈≈≈≈≈≈≈≈≈≈≈≈≈≈≈≈≈≈≈≈≈,,,,,
#.###**##≈≈≈≈≈≈≈≈≈≈≈≈≈≈≈***,,,*,
##.## **#*#≈≈≈≈≈≈≈≈#*** *****,
#...##########.≈Y≈≈#*** *,
..............<.##?# *,
#...#############*,# *, ##.##
*,*************, #.#
*,,,,,,^,,,,<,,, #.#
**************** *#.# ,..# *##*


You could see 6 centaurs.

Vanquished Creatures
  A steam dragon (D:7)
  A water moccasin (D:5)
  2 sky beasts
  4 ogres
  A centaur (D:8)
  2 kobold brigands
  A water moccasin zombie (D:5)
  A howler monkey (D:5)
  A bullfrog zombie (D:5)
  4 hounds
  2 centaur zombies (D:5)
  A jelly (D:4)
  Jessica (D:3)
  A centaur skeleton (D:5)
  2 iguanas (D:5)
  A scorpion zombie (D:5)
  3 orc wizards
  Terence (D:3)
  Robin (D:3)
  3 adders
  A white imp (D:8)
  An adder skeleton (D:5)
  2 worms (D:2)
  24 orcs
  9 ball pythons
  8 endoplasms
  2 giant cockroaches
  18 goblins
  8 hobgoblins
  2 jackals (D:2)
  15 kobolds
  2 quokkas
  10 bats
  3 frilled lizards
  8 rats
147 creatures vanquished.

Vanquished Creatures (others)
  2 fungi (D:2)
  A plant (D:3)
  A withered plant (D:5)
4 creatures vanquished.

Grand Total: 151 creatures vanquished

Notes
Turn   | Place    | Note
-------+----------+-------------------------------------------
     0 | D:1      | kae the Draconian Transmuter began the quest for the Orb.
     0 | D:1      | Reached XP level 1. HP: 16/16 MP: 3/3
   341 | D:1      | Reached XP level 2. HP: 23/23 MP: 3/5
  1178 | D:2      | Reached XP level 3. HP: 23/28 MP: 4/6
  1182 | D:2      | Learned a level 3 spell: Spider Form
  1274 | D:2      | Found Zajugi's Magic Scroll Boutique.
  1304 | D:2      | Bought a scroll of identify for 24 gold pieces
  1304 | D:2      | Bought a scroll of magic mapping for 42 gold pieces
  1537 | D:2      | Found a faded altar of an unknown god.
  1975 | D:2      | Reached XP level 4. HP: 36/36 MP: 5/7
  2111 | D:2      | Found a runed translucent door.
  2112 | D:2      | Noticed Crazy Yiuf
  2192 | D:3      | Found a snail-covered altar of Cheibriados.
  2326 | D:3      | Noticed Jessica
  2337 | D:3      | Killed Jessica
  2338 | D:3      | Reached skill level 1 in Poison Magic
  2395 | D:3      | Found a shadowy altar of Dithmenos.
  2558 | D:3      | Noticed Terence
  2566 | D:3      | Killed Terence
  2567 | D:3      | Reached XP level 5. HP: 32/41 MP: 4/8
  2699 | D:3      | Noticed Robin
  2701 | D:3      | Reached skill level 4 in Unarmed Combat
  2750 | D:3      | Killed Robin
  3076 | D:3      | Found Potoh's Armour Emporium.
  3516 | D:4      | Found a transporter.
  3529 | D:4      | Found a transporter.
  3561 | D:4      | Noticed an ogre
  3569 | D:4      | Killed an ogre
  3570 | D:4      | Reached XP level 6. HP: 50/50 MP: 7/10
  3598 | D:4      | Learned a level 4 spell: Ice Form
  3943 | D:4      | Found a staircase to the Ecumenical Temple.
  3955 | D:4      | Reached skill level 1 in Ice Magic
  4469 | D:4      | Found the +7 Kryia's mail coat {PotionHeal*2 rC+}
  4797 | Temple   | Entered the Ecumenical Temple
  4937 | Temple   | Became a worshipper of Ru the Awakened
  4987 | D:5      | Entered Level 5 of the Dungeon
  5004 | D:5      | Your scales start taking on a glossy black colour.
  5004 | D:5      | Reached XP level 7. HP: 35/56 MP: 7/11
  5004 | D:5      | Gained mutation: You are resistant to electric shocks.
                  | (rElec) [Black Draconian growth]
  5379 | D:5      | Found a one-way gate to the infinite horrors of the Abyss.
  5379 | D:5      | Noticed JackAllcraft's ghost (novice DjIE)
  5394 | D:5      | Found a transporter.
  5517 | D:5      | Reached skill level 5 in Unarmed Combat
  5859 | D:5      | Found a transporter.
  6121 | D:5      | Reached XP level 8. HP: 38/63 MP: 8/13
  6348 | D:5      | Reached skill level 5 in Transmutations
  6994 | D:6      | You fall into a shaft and drop 3 floors!
  7009 | D:9      | Reached skill level 6 in Unarmed Combat
  7214 | D:9      | Noticed Erolcha
  7224 | D:8      | Found a glowing golden altar of the Shining One.
  7615 | D:7      | HP: 2/79 [centaur/arrow (6)]
  7615 | D:7      | Shot with an arrow by a centaur

Illustrated notes

Levels and vault maps discovered:
D:1:      mushboom_english_gardens, layout_basic, chequers_serial_rivers_small_a
D:2:      layout_rooms, basic_ecumenical_altar, serial_shops, shop,
          uniq_crazy_yiuf_cottage
D:3:      layout_basic, nicolae_dithmenos_through_a_glass_darkly,
          mainiacjoe_overflow_cross_hatched, serial_shops, shop,
          lemuel_another_geyser, uniq_jessica, uniq_terence, uniq_robin
D:4:      gammafunk_steamed_eel, layout_basic, minmay_temple_entry_mist
D:5:      minmay_angry_zag, layout_loops_ring, gammafunk_ghost_abyssal_escape,
          serial_undead, serial_undead_d, serial_undead_b, serial_undead_b,
          serial_undead_a, minmay_misc_feat_square
D:6:      layout_rooms, uniq_blork_the_orc
D:7:      layout_loops_ring, chequers_temple_overflow_statue_of_worship,
          enter_bailey_3, centaur_isle
D:8:      layout_loops_ring, nicolae_overflow_hidden_temple, erik_lair_dragon,
          uniq_grum, uniq_gastronok, uniq_maggie
D:9:      layout_loops_ring, kennysheep_little_box, uniq_erolcha
Temple:   regret_index_temple_waves

Skill      XL: |  1  2  3  4  5  6  7  8 |
---------------+-------------------------+-----
Dodging        | 2 3 |  3.8
Fighting       | 2 3 4 |  4.1
Poison Magic   | 1 2 |  2.0
Transmutations | 3 4 5 |  5.5
Unarmed Combat | 4 5 6 |  6.3
Ice Magic      | 1 3 4 |  4.2
Spellcasting   | 3 |  3.9

Action                   |  1- 3 |  4- 6 |  7- 9 || total
-------------------------+-------+-------+-------++-------
Melee: Unarmed           |   112 |   177 |   174 ||   463
       Kick              |    15 |    16 |       ||    31
       Headbutt          |    13 |     9 |       ||    22
       Tailslap          |    10 |    13 |     6 ||    29
       Punch             |     1 |     5 |     1 ||     7
 Cast: Beastly Appendage |    24 |    18 |       ||    42
       Spider Form       |       |    10 |    17 ||    27
       Ice Form          |       |     1 |     4 ||     5
Evoke: Wand              |       |       |     1 ||     1
  Use: Scroll            |     2 |     4 |     7 ||    13
       Potion            |       |       |     1 ||     1
 Stab: Sleeping          |       |     1 |       ||     1
Armor: Skin              |    43 |    64 |    22 ||   129
Dodge: Dodged            |   106 |   129 |   150 ||   385

Table legend: (Time is in decaauts)
 A = Elapsed time spent in this place.
 B = Non-inter-level travel time spent in this place.
 C = Inter-level travel time spent in this place.
 D = Time resting spent in this place.
 E = Time spent auto-exploring this place.
 F = Levels seen in this place.
 G = Mean time per level.
                   A        B        C        D        E       F      G
               +--------+--------+--------+--------+--------+-----+--------+
         Total |   7584 |   7346 |    238 |    928 |   5223 |  10 |  758.4 |
       Dungeon |   7417 |   7225 |    192 |    928 |   5116 |   9 |  824.1 |
        Temple |    166 |    121 |     45 |      0 |    107 |   1 |  166.0 |
               +--------+--------+--------+--------+--------+-----+--------+

Top non-repeatable levels by time:
     D:5: 1881 daAuts
     D:4: 1396 daAuts
     D:2: 1255 daAuts
     D:1: 1152 daAuts
     D:3: 1006 daAuts
     D:8: 315 daAuts
     D:9: 223 daAuts
  Temple: 166 daAuts
     D:6: 108 daAuts
     D:7: 78 daAuts
